 Dungeon Crawl Stone Soup version 0.24-a0-458-gfcb5e6da0e (webtiles) character file.

Game seed: 16767789346484285986

6277 Gargoyl the Envoy of Void (level 10, -2/81 (83) HPs)
             Began as a Centaur Abyssal Knight on June 27, 2019.
             Was a High Priest of Lugonu.
             Slain by a nine-headed hydra (7 damage)
             ... on level 10 of the Dungeon.
             The game lasted 00:16:16 (11521 turns).

Gargoyl the Envoy of Void (Centaur Abyssal Knight) Turns: 11521, Time: 00:16:17

HP:   -2/81 (83)    AC: 21    Str: 18    XL:     10   Next: 63%
MP:   15/15         EV:  3    Int: 13    God:    Lugonu [*****.]
Gold: 477           SH:  0    Dex: 11    Spells: 9/9 levels left

rFire    . . .     SeeInvis .   o - +5 lajatang (elec)
rCold    . . .     Gourm    .   (shield currently unavailable)
rNeg     . . .     Faith    .   h - +0 plate armour
rPois    .         Spirit   .   (helmet restricted)
rElec    .         Reflect  .   (no cloak)
rCorr    .         Harm     .   d - +0 pair of gloves
MR       .....     Rnd*Rage +   e - +4 centaur barding {Stlth+}
Stlth    ..........             (no amulet)
HPRegen  0.23/turn              (no ring)
MPRegen  0.14/turn              (no ring)

@: very quick
A: large, antennae 1, hooves 3, berserk 1, clever 1, deformed body, speed 2,
strong 1, tough skin 3
a: Depart the Abyss, Bend Space, Banish, Corrupt, Enter the Abyss, Renounce
Religion


You were on level 10 of the Dungeon.
You worshipped Lugonu.
Lugonu was extremely pleased with you.
You were hungry.

You visited 1 branch of the dungeon, and saw 10 of its levels.
You visited the Abyss 1 time.

You collected 477 gold pieces.

Inventory:

Hand Weapons
 a - a +2 hand axe
 o - a +5 lajatang of electrocution (weapon)
Missiles
 x - 8 boomerangs (quivered)
Armour
 d - a +0 pair of gloves (worn)
 e - a +4 centaur barding of stealth (worn)
 h - a +0 plate armour (worn)
Wands
 k - a wand of clouds (7)
 s - a wand of disintegration (17)
 y - a wand of acid (23)
 A - a wand of polymorph (7)
Scrolls
 b - 5 scrolls of teleportation
 g - a scroll of identify
 i - a scroll of remove curse
 j - 4 scrolls of blinking
 n - a scroll of fog
 t - 2 scrolls of summoning
 v - a scroll of fear
Potions
 f - 3 potions of heal wounds
 l - a potion of flight
 m - a potion of might
 p - a potion of lignification
 q - a potion of curing
 r - a potion of resistance {unknown}
 w - a potion of mutation
 z - a potion of agility {unknown}
Comestibles
 c - 20 rations


   Skills:
 + Level 5.9 Fighting
 + Level 5.2 Axes
 + Level 6.8 Staves
 * Level 6.6 Armour
 * Level 4.7 Dodging
 * Level 6.9 Invocations


You had 9 spell levels left.
You didn't know any spells.
Your spell library contained the following spells:

 Spells                   Type           Power        Failure   Level  Hunger
 Confusing Touch          Hex            #.....       100%        1    ##.....
 Confuse                  Hex            #.......     100%        3    ####...
 Gell's Gravitas          Tloc           #.........   100%        3    ####...
 Petrify                  Tmut/Erth      #.......     100%        4    #####..
 Metabolic Englaciation   Hex/Ice        #.........   100%        5    ######.
 Yara's Violent Unravell  Hex/Tmut       #.........   100%        5    ######.


Dungeon Overview and Level Annotations

Branches:
Dungeon (10/15)            Temple (0/1) D:5
   Lair: D:8-11         Orc: D:9-12

Altars:
Ashenzari
Gozag
Qazlal
Ru
Uskayaw
Xom
The Shining One

Shops:
D:4 %

Annotations:
D:4 3 runed translucent doors, firegrace's ghost, amateur DsBe


Innate Abilities, Weirdness & Mutations

You have hooves in place of feet.
Armour fits poorly on your strangely shaped body.
You cover ground very quickly.
You have extremely tough skin. (AC +3)
You have a pair of small antennae on your head.
You tend to lose your temper in combat.
Your mind is acute. (Int +2)
Your muscles are strong. (Str +2)


Message History

* * * LOW HITPOINT WARNING * * *
The nine-headed hydra bites you but does no damage. x2
The nine-headed hydra bites you!
* * * LOW HITPOINT WARNING * * *
Press: ? - help, Shift-Dir - straight line, f/p - nine-headed hydra
Aim: a nine-headed hydra (heavily wounded, chance to defeat MR: 54%)
You fail to use your ability. 3 killer bees come into view.
The killer bee buzzes angrily. x3; You hear an angry buzzing noise.
A killer bee comes into view.
The killer bee moves out of view.
There is an open door here.
Okay, then.
You fail to use your ability.
The killer bee buzzes angrily.
You hear an angry hiss.
You hear an angry buzzing noise.
You hear a shout!
A killer bee comes into view.
An ice beast comes into view.
The nine-headed hydra bites you but does no damage. x6
The nine-headed hydra bites you!
You die...

## ## ### Y #. .#
#.. # .. #.#. ...
.# #y# #..##.##..#
#..y###.#.#.#.#
#.y@D..#.#..
#.###.#.#.# ## #
#..##.##..# .
#.#...).# #.
#...#†#...#
###'#########(#####
........##.......#
....<..##.......#
.......##.......#


You could see a nine-headed hydra, an ice beast and 3 killer bees.

Vanquished Creatures
  Joseph (D:7)
  A komodo dragon (D:10)
  A hornet (D:8)
  A hippogriff (D:7)
  A wyvern (D:10)
  6 yaks (D:10)
  A hornet zombie (D:8)
  3 ice beasts
  2 orc warriors (D:8)
  A phantom (D:8)
  An eye of draining (D:9)
  2 sky beasts
  3 ogres
  A necrophage (D:7)
  6 centaurs
  2 crocodiles
  2 big kobolds
  5 bullfrogs
  4 scorpions
  A howler monkey (D:9)
  6 crimson imps
  3 bullfrog zombies
  3 jellies
  2 quasits
  3 hounds
  2 bullfrog skeletons
  5 orc priests
  Jessica (D:3)
  Terence (D:2)
  9 worker ants
  3 iguanas
  12 orc wizards
  A killer bee zombie (D:7)
  A hound zombie (D:8)
  8 adders
  3 gnolls (D:7)
  2 river rats (D:4)
  3 shadow imps
  An adder zombie (D:6)
  4 worms
  3 dart slugs
  9 leopard geckos
  30 orcs
  8 bats
  11 giant cockroaches
  10 hobgoblins
  10 jackals
  19 kobolds
  2 quokkas
  3 ball pythons
  4 frilled lizards
  11 goblins
  A jackal skeleton (D:5)
  9 rats
248 creatures vanquished.

Vanquished Creatures (others)
  2 starspawn tentacles (Abyss:3)
2 creatures vanquished.

Grand Total: 250 creatures vanquished

Notes
Turn   | Place    | Note
-------+----------+-------------------------------------------
     0 | Abyss:1  | Gargoyl the Centaur Abyssal Knight began the quest for the
                  | Orb.
     0 | Abyss:1  | Reached XP level 1. HP: 19/19 MP: 2/2
    44 | Abyss:3  | Found a hide-covered altar of Uskayaw.
    45 | Abyss:3  | Noticed a swamp dragon
    47 | Abyss:3  | Noticed a tentacled starspawn
    52 | Abyss:3  | Identified a scroll of acquirement
    54 | D:1      | Escaped the Abyss
   246 | D:1      | Reached * piety under Lugonu
   255 | D:1      | Reached XP level 2. HP: 20/26 MP: 3/3
   496 | D:1      | Reached skill level 1 in Dodging
   702 | D:1      | Reached XP level 3. HP: 30/31 MP: 4/4
  1036 | D:2      | Found a glowing golden altar of the Shining One.
  1036 | D:2      | Found a shattered altar of Ashenzari.
  1036 | D:2      | Found an opulent altar of Gozag.
  1046 | D:2      | Reached ** piety under Lugonu
  1061 | D:2      | Found a shimmering altar of Xom.
  1087 | D:2      | Reached XP level 4. HP: 37/38 MP: 5/5
  1227 | D:2      | Found a stormy altar of Qazlal.
  1229 | D:2      | Noticed an air elemental
  1230 | D:2      | Noticed an earth elemental
  1230 | D:2      | Noticed a fire elemental
  1230 | D:2      | Noticed a water elemental
  1239 | D:2      | Noticed Terence
  1251 | D:2      | Killed Terence
  1688 | D:3      | Reached XP level 5. HP: 26/46 MP: 5/7
  1884 | D:3      | Noticed Jessica
  1897 | D:3      | Killed Jessica
  2331 | D:3      | Reached XP level 6. HP: 50/52 MP: 8/8
  2336 | D:3      | Reached *** piety under Lugonu
  2627 | D:4      | Noticed an ice beast
  2644 | D:4      | Killed an ice beast
  2996 | D:4      | Found a runed translucent gate.
  3050 | D:4      | Found Peorutre's Food Shoppe.
  3060 | D:4      | Found a runed translucent gate.
  3060 | D:4      | Found a runed translucent gate.
  3060 | D:4      | Noticed firegrace's ghost (amateur DsBe)
  3300 | D:4      | Reached XP level 7. HP: 53/59 MP: 9/9
  3641 | D:5      | Entered Level 5 of the Dungeon
  3811 | D:5      | Found a staircase to the Ecumenical Temple.
  4757 | D:6      | Reached **** piety under Lugonu
  4883 | D:6      | Reached skill level 5 in Axes
  4954 | D:6      | Reached XP level 8. HP: 59/67 MP: 11/11
  5000 | D:6      | Found a sacrificial altar of Ru.
  5345 | D:6      | Reached skill level 1 in Staves
  6379 | D:7      | Noticed a hippogriff
  6392 | D:7      | Killed a hippogriff
  6392 | D:7      | Reached skill level 5 in Invocations
  6475 | D:7      | Reached XP level 9. HP: 31/73 MP: 12/12
  6657 | D:7      | Reached skill level 5 in Armour
  6809 | D:7      | Noticed Joseph
  7113 | D:7      | Killed Joseph
  7192 | D:7      | Reached skill level 5 in Fighting
  7808 | D:7      | Noticed a +0 hand axe
  7809 | D:7      | Found a hide-covered altar of Uskayaw.
  7809 | D:7      | Noticed a +0 hand axe
  8782 | D:8      | Reached ***** piety under Lugonu
  9266 | D:8      | Reached skill level 5 in Staves
  9349 | D:8      | Paralysed by a hornet for 3 turns
  9719 | D:8      | Reached XP level 10. HP: 32/79 MP: 14/14
 11129 | D:10     | Entered Level 10 of the Dungeon
 11137 | D:10     | Gained mutation: Your body sometimes deteriorates upon
                  | taking damage. [potion of mutation]
 11137 | D:10     | Gained mutation: You are weak. (Str -2) [potion of
                  | mutation]
 11137 | D:10     | Gained mutation: Your mind is acute. (Int +2) [potion of
                  | mutation]
 11137 | D:10     | Lost mutation: You are weak. (Str -2) [potion of mutation]
 11138 | D:10     | Lost mutation: Your body sometimes deteriorates upon taking
                  | damage. [potion of mutation]
 11138 | D:10     | Lost mutation: Your mind is acute. (Int +2) [potion of
                  | mutation]
 11138 | D:10     | Gained mutation: Your muscles are strong. (Str +2) [potion
                  | of mutation]
 11138 | D:10     | Gained mutation: You tend to lose your temper in combat.
                  | [potion of mutation]
 11138 | D:10     | Gained mutation: You have a pair of small antennae on your
                  | head. [potion of mutation]
 11138 | D:10     | Gained mutation: Your mind is acute. (Int +2) [potion of
                  | mutation]
 11508 | D:10     | Noticed a seven-headed hydra
 11514 | D:10     | HP: 4/81 [nine-headed hydra (7)]
 11521 | D:10     | Slain by a nine-headed hydra

Levels and vault maps discovered:
D:1:      dpeg_arrival_connections, layout_basic
D:2:      layout_basic, lemuel_doored_altar,
          chequers_temple_overflow_statue_of_worship, minivault_25,
          nicolae_qazlal_style_of_elements, uniq_terence
D:3:      cheibrodos_greedy_goblins, layout_loops_ring, first_ration,
          uniq_jessica
D:4:      layout_rooms, serial_shops, shop, ebering_ghost_rock_garden,
          portal_sewer_entry_b
D:5:      layout_layer_cave, minmay_temple_entry_mist
D:6:      layout_loops_corners, nicolae_ru_great_annihilating_truth
D:7:      layout_cave_pools, dancing_weapons_uskayaw, grunt_ogre_cave,
          minmay_fractal_squares_diagonal_5, uniq_joseph
D:8:      layout_basic
D:9:      layout_basic, kennysheep_generic_room_11
D:10:     minmay_the_grid_net [minmay_the_grid_empty, minmay_the_grid_tree,
          minmay_the_grid_tiny_cups, minmay_the_grid_embedded,
          minmay_the_grid_odd_star, minmay_the_grid_prize_shrinking_boxes],
          layout_basic, enter_bailey_7, biasface_ghost_orc_armoury,
          serial_shops, nicolae_shop_window_shopping, serial_rivers,
          chequers_serial_rivers_micro_c, chequers_serial_rivers_micro_b,
          chequers_serial_rivers_large_a, chequers_serial_rivers_room_b,
          chequers_serial_rivers_marsh

Skill      XL: |  1  2  3  4  5  6  7  8  9 10 |
---------------+-------------------------------+-----
Axes           | 2 3 4 5 |  5.2
Dodging        | 1 2 3 4 |  4.7
Armour         | 2 3 4 6 |  6.6
Invocations    | 3 4 5 6 |  6.9
Fighting       | 4 5 |  5.9
Staves         | 3 5 6 |  6.8

Action                   |  1- 3 |  4- 6 |  7- 9 | 10-12 || total
-------------------------+-------+-------+-------+-------++-------
Melee: Hand axe          |    92 |   244 |    74 |       ||   410
       Kick              |    14 |    44 |    80 |    28 ||   166
       Lajatang          |       |       |   377 |   149 ||   526
Invok: Depart the Abyss  |     1 |       |       |       ||     1
       Bend Space        |       |       |     1 |       ||     1
  Use: Scroll            |     2 |     9 |    11 |     5 ||    27
       Potion            |       |     1 |       |     2 ||     3
 Stab: Paralysed         |       |       |     1 |       ||     1
       Distracted        |       |       |       |     1 ||     1
  Eat: Chunk             |       |     3 |    15 |     4 ||    22
       Ration            |       |     1 |     1 |       ||     2
Armor: Plate armour      |   115 |   260 |   765 |   144 ||  1284
       Leather armour    |     1 |       |       |       ||     1
Dodge: Dodged            |     5 |     6 |    38 |    15 ||    64

Table legend:
 A = Non-vault XP
 B = Vault XP
 C = Vault XP percentage of total XP
 D = Non-vault monster count
 E = Vault monster count
 F = Vault count percentage of total count
                 A         B        C        D         E       F
            +---------+---------+-------+---------+---------+-------
      Total |    6946 |    2022 |  22.5 |     218 |      30 |  12.1
            +---------+---------+-------+---------+---------+-------
        D:1 |      47 |       0 |   0.0 |      27 |       0 |   0.0
        D:2 |      88 |      36 |  29.0 |      23 |       1 |   4.2
        D:3 |     177 |      50 |  22.0 |      22 |       9 |  29.0
        D:4 |     379 |      30 |   7.3 |      15 |       4 |  21.1
        D:5 |     440 |       0 |   0.0 |      15 |       0 |   0.0
        D:6 |     677 |      44 |   6.1 |      18 |       4 |  18.2
        D:7 |    1366 |     960 |  41.3 |      27 |       5 |  15.6
        D:8 |    1690 |       0 |   0.0 |      38 |       0 |   0.0
        D:9 |     727 |      50 |   6.4 |      21 |       1 |   4.5
       D:10 |    1355 |     852 |  38.6 |      12 |       6 |  33.3
            +---------+---------+-------+---------+---------+-------
